 Dungeon Crawl Stone Soup version 0.30.1-4-g462c640d31 (webtiles) character file.

Game seed: 16063290999667114887

26061 spardeous the Severer (level 12, 0/113 HPs)
             Began as a Minotaur Berserker on Aug 21, 2023.
             Was a High Priest of Trog.
             Slain by a spark wasp (glowing shapeshifter) (14 damage)
             ... on level 13 of the Dungeon.
             The game lasted 00:18:54 (12549 turns).

spardeous the Severer (Minotaur Berserker)         Turns: 12549, Time: 00:18:55

Health: 0/113      AC: 20    Str: 30    XL:     12   Next: 95%
Magic:  11/11      EV: 15    Int:  4    God:    Trog [*****.]
Gold:   1763       SH:  5    Dex: 13    Spells: 11/11 levels left

rFire   . . .        U - +9 battleaxe of the Salmon {heavy, Str+3 Dex+3}
rCold   . . .        (shield currently unavailable)
rNeg    . . .        R - +0 plate armour
rPois   .            a - +1 hat
rElec   .            Z - scarf {repulsion}
rCorr   .            i - +0 pair of gloves
SInv    .            M - +0 pair of boots
Will    .....        J - amulet of reflection Stlth
                     G - +5 ring of evasion
HPRegen 0.38/turn    B - +4 ring of slaying
MPRegen 0.12/turn

%: repel missiles, reflection
@: no status effects
A: horns 2, retaliatory headbutt
a: Renounce Religion, Berserk, Trog's Hand, Brothers in Arms


You were on level 13 of the Dungeon.
You worshipped Trog.
Trog was extremely pleased with you.
You visited 1 branch of the dungeon, and saw 13 of its levels.
You also visited: Bailey.

You collected 1923 gold pieces.
You spent 160 gold pieces at shops.

Inventory:

Hand Weapons
 e - a +0 sling
 C - a +4 hand axe
 S - the +9 spear of Fesh {protect, *Noise Str+4 Dex+5}
   (You took it off a kobold on level 9 of the Dungeon)

   Str:       It affects your strength (+4).
   Dex:       It affects your dexterity (+5).
   *Noise:    It may make noises in combat.
 U - the +9 battleaxe of the Salmon (weapon) {heavy, Str+3 Dex+3}
   (Trog gifted it to you on level 10 of the Dungeon)

   Str:       It affects your strength (+3).
   Dex:       It affects your dexterity (+3).
Missiles
 p - 8 atropa-tipped darts (quivered)
 r - 3 throwing nets
Armour
 a - a +1 hat (worn)
 i - a +0 pair of gloves (worn)
 M - a +0 pair of boots (worn)
 R - a +0 plate armour (worn)
 Z - a scarf of repulsion (worn)
Jewellery
 k - a ring of see invisible
 B - a +4 ring of slaying (right hand)
 G - a +5 ring of evasion (left hand)
 J - an amulet of reflection (around neck)
 L - a +6 ring of dexterity
 P - a ring of magical power
Wands
 c - a wand of flame (40)
 m - a wand of digging (6)
 n - a wand of mindburst (23)
 E - a wand of quicksilver (7)
 W - a wand of charming (6)
Scrolls
 d - 7 scrolls of enchant weapon
 g - 3 scrolls of amnesia
 h - 2 scrolls of noise
 l - 4 scrolls of fear
 o - a scroll of poison
 q - 2 scrolls of brand weapon
 s - 4 scrolls of silence
 t - 2 scrolls of enchant armour
 w - 5 scrolls of teleportation {unknown}
 y - 3 scrolls of magic mapping
 z - a scroll of vulnerability
 D - 3 scrolls of immolation
 I - a scroll of butterflies {unknown}
 N - a scroll of torment
 X - a scroll of blinking
Potions
 f - 6 potions of curing
 j - 5 potions of mutation {unknown}
 u - a potion of lignification {unknown}
 x - a potion of invisibility {unknown}
 A - 2 potions of flight {unknown}
 F - 2 potions of might {unknown}
 H - 2 potions of brilliance
 K - a potion of resistance {unknown}
 O - 3 potions of attraction {unknown}
 Q - 3 potions of degeneration {unknown}
 Y - 2 potions of heal wounds {unknown}
Miscellaneous
 T - a condenser vane
 V - a phantom mirror


   Skills:
 - Level 12.4 Fighting
 + Level 18.4 Axes
 - Level 13.6 Armour
 - Level 5.6 Dodging


You had 11 spell levels left.
You didn't know any spells.
Your spell library contained the following spells:

 Spells                   Type           Power      Damage    Failure   Level
 Kiss of Death            Conj/Necr      0%         2d5       98%         1
 Confusing Touch          Hex            0%         N/A       100%        3
 Dispel Undead            Necr           0%         3d6       100%        4


Dungeon Overview and Level Annotations

Branches:
Dungeon (13/15)            Temple (0/1) D:6            Lair (0/5) D:10
    Orc (0/2) D:10         Bailey (visited)
 Vaults: D:13-14

Altars:
Elyvilon
Nemelex Xobeh
Okawaru
Qazlal
Uskayaw
Wu Jian
Yredelemnul

Shops:
D:8 *   D:10 (

Annotations:
D:9 3 runed translucent doors, bzaaaaa's ghost, novice DEEE


Innate Abilities, Weirdness & Mutations

You have a pair of horns on your head.
You reflexively headbutt those who attack you in melee.


Message History

The shock serpent is moderately wounded.
You open the centaur warrior like a pillowcase!!!
The shock serpent's electric aura discharges, shocking you!
The shock serpent changes into an anaconda!
The centaur warrior hits you but does no damage.
The centaur warrior kicks you but does no damage.
You closely miss the anaconda. You headbutt the anaconda!
The anaconda is moderately wounded.
You slash the centaur warrior!
You kill the centaur warrior!
Trog accepts your kill. The anaconda grabs you. The anaconda bites you!
* * * LOW HITPOINT WARNING * * *
The anaconda constricts you.
You take 6 damage, and have 18/113 hp.
Okay, then.
Okay, then.
You escape the anaconda's grasp.
The anaconda attacks as you move away!
The anaconda bites you but does no damage.
You completely miss the anaconda. Your headbutt misses the anaconda.
The anaconda is moderately wounded.
The anaconda changes into an alligator!
You slice the alligator!!
The alligator is moderately wounded.
The alligator puts on a burst of speed!
Unknown command.
Okay, then.
It was a potion of curing.
You feel better.
The alligator changes into a spark wasp!
The boulder beetle curls into a ball and begins rolling!
You regained 9 hp, and now have 28/113 hp.
You chop the spark wasp into pieces!!! Your headbutt misses the spark wasp.
The spark wasp is heavily wounded.
The spark wasp stings you!
* * * LOW HITPOINT WARNING * * *
The spark wasp shocks you!
* * * LOW HITPOINT WARNING * * *
You take 21 damage, and have 7/113 hp.
You feel better. The spark wasp stings you!
You die...

# # #.# ###+######## #...####
#..........# #....#
#..........# ####.#######
#..........# ###...........
#..........#####...###..#####
#.......B.)y@....### ##.#
#......°...####### #.#
######°##### #.# #.# #.# ..#
#+# /... .#.#. .tc. .. .. ##
B#


You could see a boulder beetle (rolling) and a spark wasp shaped shifter.

Vanquished Creatures
  Harold (D:11)
  5 centaur warriors
  6 two-headed ogres
  2 boulder beetles (D:13)
  2 hydras (D:11)
  2 orc knights (Bailey)
  A deep elf pyromancer (D:11)
  A cyclops (D:11)
  2 ugly things
  2 manticores
  3 kobold demonologists (D:11)
  A yaktaur (D:12)
  A komodo dragon (D:10)
  Psyche (D:11)
  A freezing wraith (D:11)
  An efreet (D:11)
  3 trolls
  A troll (shapeshifter) (D:13)
  A hornet (D:11)
  5 slime creatures
  A culicivora (shapeshifter) (D:13)
  A shadow (D:9)
  A wyvern (D:7)
  A yak (shapeshifter) (D:13)
  2 wraiths
  11 yaks
  3 vampire mosquitoes (D:10)
  5 water moccasins
  2 acid dragons
  13 orc warriors
  3 ice beasts
  A sky beast (D:6)
  5 black bears
  6 centaurs
  4 phantoms
  5 kobold brigands
  A bullfrog (D:5)
  4 wights (D:6)
  2 troll zombies (D:10)
  17 killer bees
  2 howler monkeys (D:5)
  3 electric eels
  3 hounds
  14 orc priests
  5 iguanas
  2 sleepcaps (D:7)
  Jessica (D:3)
  16 orc wizards
  6 ogre zombies (D:10)
  13 adders
  14 gnolls
  2 shadow imps
  3 white imps
  A worm (D:3)
  5 dart slugs
  36 orcs
  9 ball pythons
  5 endoplasms
  2 giant cockroaches
  5 goblins
  8 hobgoblins
  4 jackals (D:1)
  2 quokkas (D:1)
  4 bats
  6 frilled lizards
  2 goblin zombies (D:10)
  A hobgoblin skeleton (D:10)
  5 hobgoblin zombies (D:10)
  26 kobolds
  2 orc skeletons (D:10)
  15 orc zombies (D:10)
  7 rats
359 creatures vanquished.

Vanquished Creatures (others)
  An unseen horror (shapeshifter) (D:13)
1 creature vanquished.

Grand Total: 360 creatures vanquished

Notes
Turn   | Place    | Note
-------+----------+-------------------------------------------
     0 | D:1      | spardeous the Minotaur Berserker began the quest for the
                  | Orb.
     0 | D:1      | Reached XP level 1. HP: 19/19 MP: 0/0
    77 | D:1      | Reached skill level 4 in Axes
    92 | D:1      | Reached XP level 2. HP: 19/27 MP: 1/1
   674 | D:1      | Reached XP level 3. HP: 33/33 MP: 2/2
   828 | D:2      | Reached ** piety under Trog
   945 | D:2      | Reached skill level 5 in Axes
  1285 | D:2      | Found a faded altar of an unknown god.
  1341 | D:2      | Reached XP level 4. HP: 41/41 MP: 3/3
  1768 | D:3      | Noticed Jessica
  1774 | D:3      | Killed Jessica
  1774 | D:3      | Reached *** piety under Trog
  1919 | D:3      | Reached skill level 6 in Axes
  2039 | D:3      | Reached skill level 5 in Fighting
  2039 | D:3      | Reached XP level 5. HP: 22/48 MP: 4/4
  2452 | D:4      | Noticed a phantom
  2460 | D:4      | Killed a phantom
  2461 | D:4      | Reached skill level 7 in Axes
  2461 | D:4      | Reached XP level 6. HP: 52/56 MP: 5/5
  2672 | D:4      | Reached **** piety under Trog
  2844 | D:4      | Reached skill level 8 in Axes
  2992 | D:4      | Found an ornate altar of the Wu Jian Council.
  3110 | D:4      | Reached XP level 7. HP: 59/64 MP: 6/6
  3549 | D:5      | Entered Level 5 of the Dungeon
  3554 | D:5      | Found a white marble altar of Elyvilon.
  3569 | D:5      | You fall into a shaft and drop 3 floors!
  3603 | D:8      | Found an iron altar of Okawaru.
  4025 | D:8      | Found Yddim's Assorted Antiques.
  4031 | D:8      | Bought a scroll labelled AJAN DYGOITA for 32 gold pieces
  4031 | D:8      | Bought a scroll labelled BUKEHUYXOARA for 32 gold pieces
  4031 | D:8      | Bought a scroll labelled TIUQIENKYO for 32 gold pieces
  4031 | D:8      | Bought a scroll labelled JET KEMOGEARAT for 32 gold pieces
  4031 | D:8      | Bought a scroll labelled AJAN DYGOITA for 32 gold pieces
  4349 | D:8      | Found a hide-covered altar of Uskayaw.
  4352 | D:8      | Found a sparkling altar of Nemelex Xobeh.
  4476 | D:8      | Reached skill level 9 in Axes
  5110 | D:7      | Reached skill level 10 in Axes
  5110 | D:7      | Reached XP level 8. HP: 72/73 MP: 7/7
  5275 | D:7      | Reached skill level 11 in Axes
  5667 | D:7      | Reached skill level 12 in Axes
  5667 | D:7      | Reached XP level 9. HP: 82/82 MP: 8/8
  5785 | D:6      | Found a basalt altar of Yredelemnul.
  5925 | D:6      | Reached skill level 13 in Axes
  6237 | D:6      | Reached skill level 10 in Fighting
  6429 | D:6      | Found a staircase to the Ecumenical Temple.
  6556 | D:6      | Found a stormy altar of Qazlal.
  6563 | D:6      | Identified the +4 helmet of Immorality {Str+3}
  6616 | D:5      | Reached skill level 14 in Axes
  6617 | D:5      | Found a transporter.
  6979 | D:5      | Found a transporter.
  7011 | D:5      | Reached XP level 10. HP: 88/94 MP: 9/9
  7013 | D:5      | Reached ***** piety under Trog
  7962 | D:9      | Reached skill level 15 in Axes
  8003 | D:9      | Found a runed translucent gate.
  8004 | D:9      | Noticed bzaaaaa's ghost (novice DEEE)
  8004 | D:9      | Found a runed translucent gate.
  8005 | D:9      | Found a runed translucent gate.
  8164 | D:9      | Identified the +9 spear of Fesh {protect, *Noise Str+4
                  | Dex+5}
  8169 | D:9      | Found a flagged portal.
  8262 | Bailey   | Entered a bailey
  8543 | Bailey   | Noticed an orc knight
  8561 | Bailey   | Noticed an orc knight
  8575 | Bailey   | Killed an orc knight
  8576 | Bailey   | Reached skill level 16 in Axes
  8796 | Bailey   | Killed an orc knight
  9124 | D:10     | Entered Level 10 of the Dungeon
  9207 | D:10     | Reached XP level 11. HP: 102/104 MP: 10/10
  9312 | D:10     | Identified the +9 battleaxe of the Salmon {heavy, Str+3
                  | Dex+3} (Trog gifted it to you on level 10 of the Dungeon)
  9312 | D:10     | Received a gift from Trog
  9344 | D:10     | Reached skill level 5 in Armour
  9364 | D:10     | Found a staircase to the Orcish Mines.
  9589 | D:10     | Found a staircase to the Lair.
  9691 | D:10     | Identified the +8 hand axe "Alurehe" {spect, Dex+5}
  9727 | D:10     | Found Waddyigref's Weapon Boutique.
  9905 | D:11     | Noticed a two-headed ogre
  9906 | D:11     | Noticed Harold
  9911 | D:11     | Killed a two-headed ogre
  9912 | D:11     | Killed Harold
 10032 | D:11     | Noticed a centaur warrior
 10037 | D:11     | Killed a centaur warrior
 10038 | D:11     | Reached skill level 10 in Armour
 10112 | D:11     | Noticed a purple ugly thing
 10113 | D:11     | Noticed a two-headed ogre
 10116 | D:11     | Killed a purple ugly thing
 10118 | D:11     | Killed a two-headed ogre
 10161 | D:11     | Noticed a two-headed ogre
 10161 | D:11     | Noticed a two-headed ogre
 10163 | D:11     | Received a gift from Trog
 10165 | D:11     | Noticed a centaur warrior
 10166 | D:11     | Killed a two-headed ogre
 10168 | D:11     | Killed a two-headed ogre
 10168 | D:11     | Noticed a six-headed hydra
 10169 | D:11     | Killed a centaur warrior
 10170 | D:11     | Reached XP level 12. HP: 96/113 MP: 11/11
 10171 | D:11     | Noticed a five-headed hydra
 10177 | D:11     | Killed an eight-headed hydra
 10179 | D:11     | Killed a six-headed hydra
 10180 | D:11     | Noticed a centaur warrior
 10184 | D:11     | Killed a centaur warrior
 10656 | D:11     | Noticed a two-headed ogre
 10661 | D:11     | Killed a two-headed ogre
 10953 | D:11     | Noticed Psyche
 10958 | D:11     | Killed Psyche
 11361 | D:12     | Reached skill level 5 in Dodging
 11525 | D:12     | Identified a scroll of acquirement
 11526 | D:12     | Acquired 1101 gold pieces
 12118 | D:13     | Noticed a two-headed ogre
 12126 | D:13     | Killed a two-headed ogre
 12127 | D:13     | Reached skill level 17 in Axes
 12268 | D:13     | Noticed a centaur warrior
 12282 | D:13     | Killed a centaur warrior
 12496 | D:13     | Noticed a boulder beetle
 12506 | D:13     | Killed a boulder beetle
 12507 | D:13     | Reached skill level 18 in Axes
 12509 | D:13     | Noticed a boulder beetle
 12509 | D:13     | Noticed a centaur warrior
 12510 | D:13     | Noticed a boulder beetle
 12532 | D:13     | Killed a boulder beetle
 12542 | D:13     | a shock serpent changed into an anaconda
 12542 | D:13     | Noticed an anaconda (glowing shapeshifter)
 12543 | D:13     | Killed a centaur warrior
 12545 | D:13     | an anaconda changed into an alligator
 12545 | D:13     | Noticed an alligator (glowing shapeshifter)
 12547 | D:13     | an alligator changed into a spark wasp
 12547 | D:13     | Noticed a spark wasp (glowing shapeshifter)
 12549 | D:13     | Slain by a spark wasp (glowing shapeshifter)

Illustrated notes

Levels and vault maps discovered:
D:1:      amcnicky_arrival_underground_garden, layout_basic,
          minmay_misc_feat_pillars
D:2:      layout_loops_ring, hellmonk_ecumenical_altar_arch_garden,
          lexackson_kobold_supper
D:3:      layout_basic, uniq_jessica
D:4:      layout_loops_ring, pdpol_wu_jian_five_deadly_venoms,
          minmay_a_box_with_orc_wizards_in_it
D:5:      gammafunk_steamed_eel, layout_gridville, elyvilon_altar_4
D:6:      layout_rooms, mainiacjoe_overflow_paths, yredelemnul_altar_generic,
          minmay_temple_entry_antechambers
D:7:      layout_basic
D:8:      layout_gridville, mainiacjoe_overflow_catwalk,
          nicolae_overflow_squiral, serial_shops, nicolae_shop_crystal,
          minmay_hedge_maze
D:9:      layout_roguey, enter_bailey_2, biasface_ghost_orc_armoury
D:10:     layout_roguey, david_lair_shrubbed, zombieorc2_lemuel, serial_shops,
          nicolae_shop_mannequins
D:11:     minmay_the_grid_octo_triangle [minmay_the_grid_octo_checkerflower,
          minmay_the_grid_octo_prize_big_c, minmay_the_grid_octo_77],
          layout_stronghold, serial_bayou_pond_a, uniq_harold, uniq_psyche
D:12:     layout_loops_ring
D:13:     layout_roguey, david_vaults_2, nicolae_sif_muna_condensation,
          uniq_maurice

Skill      XL: |  1  2  3  4  5  6  7  8  9 10 11 12 |
---------------+-------------------------------------+-----
Axes           | 4 5 6 7 8 10 12 14 16 18 | 18.4
Fighting       | 4 5 6 7 8 10 12 | 12.4
Armour         | 12 13 | 13.6
Dodging        | 5 |  5.6

Action                     |  1- 3 |  4- 6 |  7- 9 | 10-12 || total
---------------------------+-------+-------+-------+-------++-------
  Melee: Hand axe          |    90 |   137 |   221 |    79 ||   527
         Headbutt          |    12 |    21 |    37 |    66 ||   136
         Punch             |       |       |     2 |     1 ||     3
         Spear             |       |       |       |   190 ||   190
         Battleaxe         |       |       |       |   174 ||   174
 Invoke: Berserk           |       |       |     4 |     3 ||     7
    Use: Scroll            |       |       |     9 |     8 ||    17
         Potion            |       |       |       |     2 ||     2
   Stab: Sleeping          |     1 |       |       |       ||     1
 Armour: Animal skin       |    17 |    16 |       |       ||    33
         Scale mail        |       |    31 |    48 |     5 ||    84
         Chain mail        |       |       |       |    24 ||    24
         Plate armour      |       |       |       |    96 ||    96
  Dodge: Dodged            |    69 |    58 |   150 |   219 ||   496
  Block: Other             |       |       |     1 |    81 ||    82
         Reflection        |       |       |       |    14 ||    14
